 Dungeon Crawl Stone Soup version 0.28.0-45-g0d030f2227 (webtiles) character file.

Game seed: 13941907417455198164

116 boopmooplesden the Slasher (level 4, -1/41 HPs)
             Began as a Minotaur Berserker on Apr 4, 2022.
             Was a Believer of Trog.
             Slain by a gnoll sergeant
             ... wielding a +0 spear
              (5 damage)
             ... on level 3 of the Dungeon.
             The game lasted 00:02:24 (2055 turns).

boopmooplesden the Slasher (Minotaur Berserker)     Turns: 2055, Time: 00:02:24

Health: -1/41      AC: 10    Str: 22    XL:     4   Next: 70%
Magic:  3/3        EV:  8    Int:  4    God:    Trog [**....]
Gold:   85         SH:  0    Dex: 11    Spells: 3/3 levels left

rFire   . . .      SeeInvis .   a - +0 falchion
rCold   . . .      Faith    .   (no shield)
rNeg    . . .      Spirit   .   l - +0 chain mail
rPois   .          Reflect  .   (helmet restricted)
rElec   .          Harm     .   (no cloak)
rCorr   .          Rampage  .   h - +0 pair of gloves
Will    .....                   (no boots)
Stlth   ..........              (no amulet)
HPRegen 0.13/turn               (no ring)
MPRegen 0.08/turn               (no ring)

@: no status effects
A: horns 2, retaliatory headbutt
a: Renounce Religion, Berserk, Trog's Hand


You were on level 3 of the Dungeon.
You worshipped Trog.
Trog was pleased with you.
You visited 1 branch of the dungeon, and saw 3 of its levels.

You collected 85 gold pieces.

Inventory:

Hand Weapons
 a - a +0 falchion (weapon)
Missiles
 k - 3 boomerangs (quivered)
Armour
 h - a +0 pair of gloves (worn)
 l - a +0 chain mail (worn)
Scrolls
 c - a scroll of blinking {unknown}
 d - a scroll of enchant weapon {unknown}
 e - a scroll of vulnerability {unknown}
 g - a scroll of identify {unknown}
 i - 2 scrolls of amnesia {unknown}
Potions
 b - a potion of haste {unknown}
 f - a potion of might {unknown}
 j - 2 potions of curing {unknown}
 m - a potion of ambrosia {unknown}


   Skills:
 + Level 4.5 Fighting
 + Level 5.0 Long Blades
 + Level 3.4 Armour
 + Level 2.5 Dodging
 + Level 0.7 Stealth


You had 3 spell levels left.
You didn't know any spells.
Your spell library was empty.

Dungeon Overview and Level Annotations

Branches:
Dungeon (3/15)

Altars:
Ru

Shops:
D:2 !   D:3 [


Innate Abilities, Weirdness & Mutations

You have a pair of horns on your head.
You reflexively headbutt those who attack you in melee.


Message History

You kill the gnoll!
Trog accepts your kill.
Your Long Blades skill increases to level 5!
Things that are here:
a +0 flail; 8 gold pieces; a gnoll corpse You hit the orc.
You headbutt the orc, but do no damage.
The orc is lightly wounded.
The orc barely misses you.
You closely miss the orc. You headbutt the orc.
You kill the orc!
Trog accepts your kill.
A gnoll comes into view. It is wielding a +0 spear.
Things that are here:
a +0 club; a +0 ring mail; an orc corpse A gnoll sergeant and a gnoll come into view.
The gnoll sergeant shouts!
You hear a shout!
An orc comes into view. It is wielding a +0 dagger.
Things that are here:
a +0 club; a +0 ring mail; an orc corpse
Things that are here:
a +0 flail; 8 gold pieces; a gnoll corpse
There is a huge open gate here.
The gnoll sergeant hits you from afar with a +0 spear.
The gnoll sergeant hits you with a +0 spear!
You hit the gnoll sergeant but do no damage.
The gnoll hits you but does no damage.
The gnoll sergeant hits you with a +0 spear.
You hit the gnoll sergeant. You headbutt the gnoll sergeant!
The gnoll sergeant is heavily wounded.
The gnoll hits you but does no damage.
The gnoll sergeant hits you with a +0 spear!
* * * LOW HITPOINT WARNING * * *
The gnoll hits you but does no damage.
You hit the gnoll sergeant but do no damage.
The gnoll sergeant is heavily wounded.
The gnoll sergeant hits you with a +0 spear.
* * * LOW HITPOINT WARNING * * *
The gnoll closely misses you.
The gnoll sergeant hits you from afar with a +0 spear.
You die...

#.....## #......####
#.........#####
#.....###.....#####
#####.# #####.....##
#.# #####..## #.#
##..## #.# ##... #@#
#### #.# ##### #g#
######)... #g#
###......### #g#
#...###### #.# #.###
########.# ##)#
.......#.####†.#
..............######
####


You could see a gnoll sergeant and 2 gnolls.

Vanquished Creatures
  2 gnolls (D:3)
  5 adders
  A dart slug (D:2)
  3 orcs (D:3)
  3 ball pythons
  3 endoplasms
  4 giant cockroaches
  3 goblins
  4 hobgoblins
  3 jackals (D:3)
  5 quokkas
  2 frilled lizards
  3 kobolds
  5 rats
46 creatures vanquished.

Notes
Turn   | Place    | Note
-------+----------+-------------------------------------------
     0 | D:1      | boopmooplesden the Minotaur Berserker began the quest for
                  | the Orb.
     0 | D:1      | Reached XP level 1. HP: 19/19 MP: 0/0
   491 | D:1      | Reached XP level 2. HP: 27/27 MP: 1/1
   767 | D:2      | Found a faded altar of an unknown god.
   777 | D:2      | Reached skill level 4 in Long Blades
   794 | D:2      | Found a sacrificial altar of Ru.
  1246 | D:2      | Reached XP level 3. HP: 32/33 MP: 2/2
  1324 | D:2      | Reached ** piety under Trog
  1326 | D:2      | Found Nollos's Distillery.
  1730 | D:3      | Found Ubosmiawn's Antique Armour Emporium.
  1737 | D:3      | Reached XP level 4. HP: 41/41 MP: 3/3
  2020 | D:3      | Reached skill level 5 in Long Blades
  2024 | D:3      | Noticed a gnoll sergeant
  2055 | D:3      | Slain by a gnoll sergeant

Illustrated notes

Levels and vault maps discovered:
D:1:      roderic_chinese_lattice_arrival, layout_basic, wad_floor_pattern_2
D:2:      layout_loops_cross, serial_shops, nicolae_lakefront_shop, basic_altar,
          ebering_ecumenical_altar_rust, kennysheep_generic_room_12
D:3:      lemuel_castle_with_subvaults [lemuel_castle_interior_carwin_2],
          layout_rooms, serial_shops, nicolae_diamond_shop, uniq_ijyb

Skill      XL: |  1  2  3  4 |
---------------+-------------+-----
Long Blades    | 4 5 |  5.0
Fighting       | 4 |  4.5
Armour         | 3 |  3.4
Dodging        | |  2.5
Stealth        | |  0.7

Action                   |  1- 3 |  4- 6 || total
-------------------------+-------+-------++-------
Melee: Falchion          |    68 |    26 ||    94
       Headbutt          |     7 |     9 ||    16
Armor: Scale mail        |     4 |       ||     4
       Animal skin       |     1 |       ||     1
       Chain mail        |    30 |    10 ||    40
Dodge: Dodged            |    37 |    18 ||    55
